 Dungeon Crawl Stone Soup version 0.22-a0-413-ge8614c9 (webtiles) character file.

10295 shitimlost the Cleaver (level 11, -3/136 HPs)
             Began as a Hill Orc Monk on May 13, 2018.
             Was a Believer of Beogh.
             Slain by a nine-headed hydra (7 damage)
             ... on level 3 of the Lair of Beasts.
             The game lasted 00:37:26 (21558 turns).

shitimlost the Cleaver (Hill Orc Monk)             Turns: 21558, Time: 00:37:26

Health: -3/136     AC: 14    Str: 23    XL:     11   Next: 59%
Magic:  13/18      EV: 10    Int: 10    God:    Beogh [**....]
Gold:   413        SH:  0    Dex: 16    Spells: 8/10 levels left

rFire    . . .     SeeInvis .   L - +2 battleaxe (chop)
rCold    . . .     Gourm    .   (shield currently unavailable)
rNeg     . . .     Faith    .   F - +0 chain mail
rPois    .         Spirit   .   m - +0 helmet
rElec    .         Reflect  .   k - scarf {repulsion}
rCorr    .         Harm     .   x - +0 pair of gloves
MR       .....                  (no boots)
Stlth    ..........             r - amulet of rage
HPRegen  0.32/turn              u - +3 ring of dexterity
MPRegen  0.16/turn              (no ring)

@: berserking, repel missiles, very quick
A: frail 1, mutation resistance 1
a: Smiting, Renounce Religion, Evoke Berserk Rage


You were on level 3 of the Lair of Beasts.
You worshipped Beogh.
Beogh was pleased with you.
You were not hungry.

You visited 2 branches of the dungeon, and saw 11 of its levels.

You collected 413 gold pieces.

Inventory:

Hand Weapons
 a - a +0 hand axe
 l - a +0 halberd of holy wrath
 s - a +1 war axe of freezing
 t - a +0 hunting sling
 L - a +2 battleaxe of chopping (weapon)
Missiles
 e - 193 stones (quivered)
 g - 61 poisoned needles
 q - 64 sling bullets
 J - 7 curare-tipped needles
Armour
 b - a +0 robe
 d - a +0 leather armour of cold resistance
 k - a scarf of repulsion (worn)
 m - a +0 helmet (worn)
 p - a +1 scale mail
 x - a +0 pair of gloves (worn)
 C - a +0 plate armour
 F - a +0 chain mail (worn)
Magical Staves
 M - an uncursed staff of summoning {unknown}
Jewellery
 r - an amulet of rage (around neck)
 u - a +3 ring of dexterity (left hand)
 v - an uncursed amulet of harm
 E - an uncursed ring of ice
Wands
 y - a wand of enslavement (11)
 G - a wand of clouds (1)
 H - a wand of polymorph (9)
Scrolls
 f - 8 scrolls of remove curse
 h - a scroll of fog
 i - a scroll of amnesia
 j - a scroll of immolation
Potions
 o - 2 potions of flight
 w - 2 potions of magic
 z - 4 potions of curing
 A - 2 potions of ambrosia
 B - a potion of cancellation {unknown}
 D - 2 potions of mutation
 I - a potion of resistance {unknown}
 K - a potion of invisibility {unknown}
Comestibles
 c - 3 rations


   Skills:
 + Level 11.4 Fighting
 + Level 12.3 Axes
 + Level 9.7 Armour
 - Level 2.9 Dodging
 - Level 2.4 Stealth
 + Level 10.5 Invocations


You had 8 spell levels left.
You knew the following spells:

 Your Spells              Type           Power        Failure   Level  Hunger
a - Blink                 Tloc           N/A          97%         2    ###....

Your spell library contained the following spells:

 Spells                   Type           Power        Failure   Level  Hunger
 Cause Fear               Hex            #.........   100%        4    #####..
 Slow                     Hex            #.......     97%         2    ###....
 Confuse                  Hex            #.......     100%        3    ####...
 Teleport Other           Tloc           #.......     100%        3    ####...
 Tukima's Dance           Hex            #.......     100%        3    ####...
 Ensorcelled Hibernation  Hex/Ice        #.....       97%         2    ###....
 Corona                   Hex            #......      91%         1    ##.....
 Portal Projectile        Hex/Tloc       #.....       100%        3    ####...
 Passage of Golubria      Tloc           N/A          100%        4    #####..
 Leda's Liquefaction      Hex/Erth       #.........   100%        4    #####..
 Shroud of Golubria       Chrm/Tloc      #.........   97%         2    ###....
 Inner Flame              Hex/Fire       #.......     100%        3    ####...
 Dazzling Spray           Conj/Hex       #.....       100%        3    ####...
 Gell's Gravitas          Tloc           #.........   100%        3    ####...
 Lesser Beckoning         Tloc           #.........   100%        3    ####...


Dungeon Overview and Level Annotations

Branches:
Dungeon (8/15)             Temple (0/1) D:5            Lair (3/6) D:8
 Shoals (0/4) Lair:2
  Snake: Lair:2-4    Spider: Lair:2-4

Altars:
Fedhas
Yredelemnul

Shops:
D:6 :

Annotations:
D:7 1 runed door


Innate Abilities, Weirdness & Mutations

You are frail. (-10% HP)
You are somewhat resistant to further mutation.


Message History

The seven-headed hydra bites you but does no damage.
The seven-headed hydra closely misses you.
The seven-headed hydra bites you but does no damage. x3
You slice one of the seven-headed hydra's heads off!
The six-headed hydra grows two more!
You slice the eight-headed hydra!!
The eight-headed hydra is severely wounded.
You slash the plant!
You lop one of the eight-headed hydra's heads off!
The seven-headed hydra grows two more!
You slash the nine-headed hydra!
The nine-headed hydra is almost dead.
You slash the plant! The nine-headed hydra bites you!
* * * LOW HITPOINT WARNING * * *
The nine-headed hydra closely misses you.
The nine-headed hydra bites you but does no damage.
The nine-headed hydra closely misses you.
The nine-headed hydra bites you but does no damage.
The nine-headed hydra misses you.
The nine-headed hydra closely misses you.
The nine-headed hydra bites you!
You die...

#......###### #....
##....#..#..###....
####.....#......#
#......#.....# ##.).........#
### ##.....#...####..
########.........###...
#P...P.......#.......^.
#.....@....#....<##.... ..
##.....D..........###... ..#
##..#..§§§.P..#....# ##>. ...
#......§§§.#.....[## ##..
#..##.....§§§§§##....### #..#
#..#.....#..(..###...#P###...
#.........(.### #.....##....
...#..........(.## #....((....†
...P..D............#..#........


You could see a nine-headed hydra.

Vanquished Creatures
  2 hydras
  2 death yaks
  3 spiny frogs
  A rime drake (Lair:2)
  A komodo dragon (Lair:2)
  2 blink frogs (Lair:2)
  2 hippogriffs (Lair:2)
  A human (D:6)
  A wyvern (Lair:2)
  A fire elemental (Lair:1)
  4 hogs (D:7)
  2 wargs (D:8)
  A porcupine (Lair:2)
  2 water moccasins
  2 orc warriors
  A necrophage (D:5)
  4 ogres
  3 centaurs
  3 wolves
  3 phantoms
  4 crocodiles (Lair:2)
  6 bullfrogs
  A water moccasin zombie (D:4)
  4 killer bees (D:7)
  4 howler monkeys
  2 electric eels (Lair:2)
  A crimson imp (D:7)
  A centaur zombie (D:4)
  2 quasits
  9 hounds
  A jelly (D:5)
  3 orc priests (D:7)
  A centaur skeleton (D:4)
  A bullfrog zombie (D:4)
  3 bullfrog skeletons
  2 iguanas (D:5)
  4 orc wizards
  5 worker ants
  A hound skeleton (D:4)
  3 worker ant zombies (D:4)
  7 gnolls
  A howler monkey skeleton (D:6)
  A river rat (D:8)
  7 adders
  3 shadow imps
  An adder skeleton (D:5)
  2 adder zombies (D:4)
  2 worms
  3 dart slugs
  6 leopard geckos
  21 orcs
  13 bats
  7 giant cockroaches
  8 goblins
  8 hobgoblins
  3 jackals (D:3)
  3 quokkas
  A ball python (D:3)
  A ball python zombie (D:4)
  3 frilled lizards
  A giant cockroach zombie (D:5)
  A jackal zombie (D:7)
  6 kobolds
  A quokka skeleton (D:8)
  2 quokka zombies (D:4)
  12 rats
223 creatures vanquished.

Vanquished Creatures (collateral kills)
  4 yaks (Lair:1)
  A wolf (D:8)
  An orc wizard (D:8)
6 creatures vanquished.

Vanquished Creatures (others)
  A centaur zombie (D:4)
  4 orcs
  5 fungi
  A plant (Lair:3)
11 creatures vanquished.

Grand Total: 240 creatures vanquished

Notes
Turn   | Place    | Note
-------+----------+-------------------------------------------
     0 | D:1      | shitimlost the Hill Orc Monk began the quest for the Orb.
     0 | D:1      | Reached XP level 1. HP: 19/19 MP: 1/1
    62 | D:1      | Reached XP level 2. HP: 20/27 MP: 2/2
   830 | D:1      | Reached XP level 3. HP: 30/33 MP: 3/3
  2239 | D:2      | Found a basalt altar of Yredelemnul.
  2315 | D:2      | Reached XP level 4. HP: 36/40 MP: 4/4
  3340 | D:3      | Reached skill level 5 in Axes
  3564 | D:3      | Reached XP level 5. HP: 47/47 MP: 5/5
  3745 | D:3      | Reached skill level 1 in Armour
  5606 | D:3      | Gained mutation: You are somewhat resistant to further mutation. [potion of mutation]
  5606 | D:3      | Gained mutation: You are frail. (-10% HP) [potion of mutation]
  6245 | D:4      | Reached skill level 5 in Fighting
  6245 | D:4      | Reached XP level 6. HP: 45/50 MP: 6/6
  6299 | D:4      | Noticed a phantom
  6781 | D:4      | Reached skill level 6 in Axes
  7215 | D:4      | Became a worshipper of Beogh the Brigand
  7215 | D:4      | Reached * piety under Beogh
  7215 | D:4      | Reached ** piety under Beogh
  7722 | D:4      | Reached XP level 7. HP: 41/55 MP: 7/7
  8627 | D:5      | Entered Level 5 of the Dungeon
  8678 | D:5      | Found a blossoming altar of Fedhas.
  8761 | D:5      | Reached skill level 7 in Axes
  8761 | D:5      | Reached skill level 1 in Invocations
  9022 | D:5      | Reached XP level 8. HP: 63/63 MP: 9/9
  9891 | D:5      | Reached skill level 8 in Axes
  9891 | D:5      | Reached skill level 5 in Armour
  9940 | D:5      | Found a staircase to the Ecumenical Temple.
 10429 | D:6      | Found Posuz's Book Shop.
 11576 | D:7      | Reached skill level 5 in Invocations
 11576 | D:7      | Reached XP level 9. HP: 61/72 MP: 12/12
 11662 | D:7      | Reached skill level 9 in Axes
 12039 | D:7      | Reached *** piety under Beogh
 12509 | D:7      | Found a runed door.
 13435 | D:7      | Reached skill level 10 in Axes
 14215 | D:8      | Reached XP level 10. HP: 57/81 MP: 15/15
 14941 | D:8      | Found a staircase to the Lair.
 14992 | Lair:1   | Entered Level 1 of the Lair of Beasts
 15526 | Lair:1   | Learned a level 2 spell: Blink
 15831 | Lair:1   | Noticed a spiny frog
 15838 | Lair:1   | Killed a spiny frog
 16107 | Lair:1   | Reached skill level 10 in Fighting
 16348 | Lair:2   | Reached skill level 11 in Axes
 17181 | Lair:2   | Noticed a spiny frog
 17193 | Lair:2   | Killed a spiny frog
 17570 | Lair:2   | Reached XP level 11. HP: 31/90 MP: 16/18
 17611 | Lair:2   | Noticed a five-headed hydra
 18734 | Lair:2   | Found a staircase to the Shoals.
 19339 | Lair:2   | Killed a five-headed hydra
 19609 | Lair:2   | Reached skill level 10 in Invocations
 20449 | Lair:3   | Noticed a death yak
 20462 | Lair:3   | Noticed a death yak
 20463 | Lair:3   | Noticed a death yak
 20464 | Lair:3   | Killed a death yak
 20464 | Lair:3   | Reached skill level 12 in Axes
 20472 | Lair:3   | Noticed a seven-headed hydra
 20476 | Lair:3   | Noticed a death yak
 20804 | Lair:2   | Killed a death yak
 21327 | Lair:3   | Noticed a six-headed hydra
 21333 | Lair:3   | Killed a six-headed hydra
 21558 | Lair:3   | HP: 4/136 [nine-headed hydra (7)]
 21558 | Lair:3   | Slain by a nine-headed hydra

Vault maps used:
D:1:      mushboom_english_gardens
D:2:      yredelemnul_altar_generic
D:3:      first_ration, minmay_misc_feat_doors, columned_hall_lemuel,
          st_stairs_3
D:4:      serial_undead, serial_undead_b, serial_undead_a, serial_undead_b,
          serial_undead_b, serial_undead_a, serial_undead_f, serial_undead_c,
          dk_rats_in_the_wall
D:5:      minmay_temple_entry_enclosed_plants, minmay_misc_feat_ornament,
          fedhas_altar_1
D:6:      serial_shops, kennysheep_mini_moat, minmay_misc_feat_pillars
D:7:      grunt_livestock, skrybe_limestone_x, uniq_crazy_yiuf_cottage
D:8:      erik_lair_orcish_takeover
Lair:1:   infiniplex_staircase_pool_2, grunt_megastairs_2
Lair:2:   elwin_shoals_entry_rooms
Lair:3:   zaba_antful_of_joy

Skill      XL: |  1  2  3  4  5  6  7  8  9 10 11 |
---------------+----------------------------------+-----
Stealth        | 2 |  2.4
Fighting       | 4 5 6 7 9 10 11 | 11.4
Axes           | 5 6 7 8 10 11 12 | 12.3
Armour         | 2 3 4 5 7 8 9 |  9.7
Invocations    | 2 5 7 9 10 | 10.5
Dodging        | |  2.9

Action                   |  1- 3 |  4- 6 |  7- 9 | 10-12 || total
-------------------------+-------+-------+-------+-------++-------
Melee: Hand axe          |   137 |   337 |   115 |       ||   589
       War axe           |       |       |   302 |   179 ||   481
       Battleaxe         |       |       |       |    15 ||    15
       Halberd           |       |       |       |     1 ||     1
 Fire: Hunting sling     |       |       |    13 |    37 ||    50
Throw: Stone             |    23 |     4 |    11 |     4 ||    42
Invok: Convert to Beogh  |       |     1 |       |       ||     1
       Smiting           |       |       |     2 |    12 ||    14
 Abil: Evoke Berserk Rag |       |     1 |       |     2 ||     3
Evoke: Wand              |       |       |     3 |     9 ||    12
  Use: Scroll            |       |    11 |     5 |     6 ||    22
       Potion            |       |     3 |     2 |     2 ||     7
 Stab: Sleeping          |     3 |       |       |       ||     3
       Distracted        |     1 |       |       |       ||     1
  Eat: Chunk             |     1 |     4 |     8 |     2 ||    15
       Ration            |     1 |     4 |     4 |     7 ||    16
Armor: Leather armour    |    48 |    10 |       |       ||    58
       Scale mail        |       |   119 |   173 |    29 ||   321
       Skin              |       |    15 |       |       ||    15
       Chain mail        |       |       |       |    91 ||    91
Dodge: Dodged            |   117 |   197 |   224 |   106 ||   644
       Deflected         |     2 |     5 |       |       ||     7

Table legend:
 A = Spawn XP
 B = Non-spawn XP
 C = Spawn XP percentage of total XP
 D = Spawn monster count
 E = Non-spawn monster count
 F = Spawn count percentage of total count
 G = Total turns spent on level
                    A         B        C        D         E        F      G
               +---------+---------+-------+---------+---------+-------+---------
         Total |       0 |   14708 |   0.0 |       0 |     229 |   0.0 | 21558
               +---------+---------+-------+---------+---------+-------+---------
           D:1 |       0 |      50 |   0.0 |       0 |      30 |   0.0 |  1442
           D:2 |       0 |      57 |   0.0 |       0 |      17 |   0.0 |  2007
           D:3 |       0 |     177 |   0.0 |       0 |      36 |   0.0 |  3059
           D:4 |       0 |     485 |   0.0 |       0 |      18 |   0.0 |  2305
           D:5 |       0 |     939 |   0.0 |       0 |      26 |   0.0 |  1482
           D:6 |       0 |     840 |   0.0 |       0 |      18 |   0.0 |  1546
           D:7 |       0 |    1900 |   0.0 |       0 |      32 |   0.0 |  2546
           D:8 |       0 |    1433 |   0.0 |       0 |      20 |   0.0 |   876
        Lair:1 |       0 |    1337 |   0.0 |       0 |       8 |   0.0 |  1061
        Lair:2 |       0 |    5265 |   0.0 |       0 |      21 |   0.0 |  4423
        Lair:3 |       0 |    2225 |   0.0 |       0 |       3 |   0.0 |   811
               +---------+---------+-------+---------+---------+-------+---------
